 Dungeon Crawl Stone Soup version 0.30-b1-2-g02819fbbbe (webtiles) character file.

Game seed: 2786004251552360438

3414 Megalobster the Severer (level 9, 0/70 HPs)
             Began as a Minotaur Berserker on Dec 31, 2023.
             Was a Priest of Trog.
             Killed by divine providence
             ... invoked by an orc priest
              (12 damage)
             ... on level 8 of the Dungeon.
             The game lasted 00:16:55 (6987 turns).

Megalobster the Severer (Minotaur Berserker)        Turns: 6987, Time: 00:16:55

Health: 0/70       AC: 11    Str: 26    XL:     9   Next: 76%
Magic:  8/8        EV: 12    Int:  4    God:    Trog [***...]
Gold:   386        SH:  5    Dex: 10    Spells: 8/8 levels left

rFire   . . .        a - +3 battleaxe (freeze)
rCold   . . .        (shield currently unavailable)
rNeg    . . .        h - +0 steam dragon scales
rPois   .            (helmet restricted)
rElec   .            q - +0 cloak
rCorr   +            I - +0 pair of gloves
SInv    .            (no boots)
Will    .....        r - amulet of reflection
Stlth   +            E - ring of resist corrosion
HPRegen 0.31/turn    i - +4 ring of protection
MPRegen 0.11/turn

%: reflection
@: lethally poisoned (0 -> -2), slowed, very slow
A: horns 2, retaliatory headbutt
a: Renounce Religion, Berserk, Trog's Hand


You were on level 8 of the Dungeon.
You worshipped Trog.
Trog was most pleased with you.
You visited 1 branch of the dungeon, and saw 8 of its levels.

You collected 386 gold pieces.

Inventory:

Hand Weapons
 a - a +3 battleaxe of freezing (weapon)
 b - a +2 whip of venom
 F - a +0 hand axe
Missiles
 g - 68 stones (quivered)
Armour
 f - a scarf of shadows
 h - +0 steam dragon scales (worn)
 n - a +0 scale mail
 o - a +0 ring mail
 q - a +0 cloak (worn)
 y - a scarf of repulsion
 H - a +0 plate armour
 I - a +0 pair of gloves (worn)
Jewellery
 i - a +4 ring of protection (right hand)
 j - a ring of protection from fire
 r - an amulet of reflection (around neck)
 A - a ring of magical power
 E - a ring of resist corrosion (left hand)
Wands
 z - a wand of digging (8)
Scrolls
 c - 4 scrolls of immolation
 k - 2 scrolls of enchant armour
 t - a scroll of blinking
 u - a scroll of fog
 x - a scroll of fear {unknown}
 D - a scroll of amnesia {unknown}
 G - a scroll of enchant weapon {unknown}
Potions
 d - 4 potions of ambrosia
 e - a potion of magic {unknown}
 l - a potion of haste {unknown}
 m - 4 potions of curing {@q1}
 p - 3 potions of mutation
 w - 2 potions of lignification
 B - 3 potions of heal wounds {unknown}
 C - a potion of brilliance {unknown}


   Skills:
 - Level 3.6 Fighting
 * Level 16.5 Axes
 - Level 2.4 Armour
 - Level 2.1 Dodging


You had 8 spell levels left.
You didn't know any spells.
Your spell library was empty.

Dungeon Overview and Level Annotations

Branches:
Dungeon (8/15)             Temple (0/1) D:7
   Lair: D:8-11

Altars:
Fedhas
Sif Muna

Shops:
D:1 :   D:2 (   D:4 (


Innate Abilities, Weirdness & Mutations

You have a pair of horns on your head.
You reflexively headbutt those who attack you in melee.


Message History

You feel very sick.
The kobold brigand throws a curare-tipped dart.
You block the curare-tipped dart with an invisible shield... and reflect it back!
The curare-tipped dart hits the kobold brigand.
The kobold brigand is poisoned.
The kobold brigand convulses.
The kobold brigand seems to slow down.
The kobold closely misses you.
The orc wizard casts a spell.
The orc wizard flickers and vanishes!
Deactivating autopickup; reactivate with Ctrl-A.
The kobold brigand throws a curare-tipped dart.
You block the curare-tipped dart with an invisible shield... and reflect it back!
The curare-tipped dart hits the kobold brigand.
The kobold brigand looks as sick as possible!
The kobold brigand convulses.
The kobold brigand seems to be slow for longer.
You hear a shout! x2
The kobold attacks as you move away! The kobold hits you with a +4 dagger.
You feel sick.
The killer bee stings you but does no damage.
There is a stone staircase leading up, spattered with blood here.
You slice the kobold!! You freeze the kobold.
You kill the kobold!
Trog accepts your kill.
You closely miss the killer bee.
You feel sick. The killer bee closely misses you. You furiously retaliate!
You headbutt the killer bee!
The orc priest calls down the wrath of Beogh upon you.
Beogh smites you!
* * * LOW HITPOINT WARNING * * *
You block the killer bee's attack.
You hear a shout!
You feel sick.
The kobold brigand dies!
The killer bee stings you but does no damage. x2
The orc closely misses you. The killer bee closely misses you.
You furiously retaliate!
You headbutt the killer bee. The kobold hits you but does no damage.
The orc priest calls down the wrath of Beogh upon you.
Beogh smites you!
You die...

##....##..............
##...................
..................... ..
......##....K...#..... ..
#....###..#K.o.......###.
.........##)....#....##..
.....#...#..⌠).####.##.#
. ....
#.....Kyo.........## .. .
...#...@.......##..##...
... #.........#.#........
. #.⌠...⌠...#.##....!..
...............[.........
...............#.<...##..
......#####....###§.### .
.#...# ##...# #### #..#
###.# .#. ..#


You could see a killer bee, an orc priest, an orc and 3 kobolds.

Vanquished Creatures
  Pikel (D:8)
  Maggie (D:7)
  A vampire (D:7)
  A sky beast (D:7)
  2 orc warriors
  3 black bears
  3 ogres
  A phantom (D:4)
  2 lemures (D:8)
  A bullfrog (D:7)
  2 scorpions
  7 wights
  5 killer bees
  2 howler monkeys (D:6)
  3 hounds
  3 jellies
  4 orc priests
  A sleepcap (D:7)
  4 iguanas
  6 orc wizards
  A mummy (D:6)
  A gnoll (D:1)
  7 adders
  2 ufetubi
  A worm (D:2)
  2 dart slugs
  34 orcs
  6 bats
  4 endoplasms
  A giant cockroach (D:3)
  4 goblins
  6 hobgoblins
  3 quokkas
  3 ball pythons
  3 hobgoblin zombies (D:6)
  10 kobolds
  A kobold zombie (D:6)
  3 rats
145 creatures vanquished.

Vanquished Creatures (others)
  A kobold brigand (D:8)
  A wight (D:6)
2 creatures vanquished.

Grand Total: 147 creatures vanquished

Notes
Turn   | Place    | Note
-------+----------+-------------------------------------------
     0 | D:1      | Megalobster the Minotaur Berserker began the quest for the
                  | Orb.
     0 | D:1      | Reached XP level 1. HP: 19/19 MP: 0/0
    41 | D:1      | Found Ovuto's Book Emporium.
   111 | D:1      | Reached skill level 4 in Axes
   140 | D:1      | Reached XP level 2. HP: 25/26 MP: 1/1
   382 | D:1      | Reached skill level 5 in Axes
   757 | D:1      | Reached XP level 3. HP: 31/31 MP: 2/2
  1011 | D:2      | Reached ** piety under Trog
  1320 | D:2      | Found a blossoming altar of Fedhas.
  1530 | D:2      | Found Ipoxyops's Weapon Shop.
  1530 | D:2      | Noticed a +0 lajatang
  1530 | D:2      | Noticed a +0 lajatang
  1969 | D:3      | Found a faded altar of an unknown god.
  2201 | D:3      | Reached XP level 4. HP: 39/39 MP: 3/3
  2268 | D:3      | Reached skill level 6 in Axes
  2668 | D:4      | Found Zetwyjy's Antique Weapon Emporium.
  2699 | D:4      | Reached skill level 7 in Axes
  2699 | D:4      | Reached XP level 5. HP: 42/45 MP: 4/4
  3133 | D:4      | Noticed a phantom
  3143 | D:4      | Killed a phantom
  3144 | D:4      | Reached skill level 8 in Axes
  3144 | D:4      | Reached XP level 6. HP: 51/51 MP: 5/5
  3674 | D:4      | Reached skill level 9 in Axes
  3809 | D:5      | Entered Level 5 of the Dungeon
  3887 | D:5      | Reached XP level 7. HP: 57/57 MP: 6/6
  3900 | D:5      | Reached *** piety under Trog
  3901 | D:5      | Reached skill level 10 in Axes
  5045 | D:6      | Reached skill level 11 in Axes
  5055 | D:6      | Reached XP level 8. HP: 64/64 MP: 7/7
  5126 | D:6      | Reached skill level 12 in Axes
  5617 | D:7      | Reached skill level 13 in Axes
  5875 | D:7      | Found a staircase to the Ecumenical Temple.
  5896 | D:7      | Reached skill level 14 in Axes
  5912 | D:7      | Noticed Maggie
  5918 | D:7      | Killed Maggie
  5919 | D:7      | Reached XP level 9. HP: 70/70 MP: 8/8
  6276 | D:7      | Reached skill level 15 in Axes
  6421 | D:7      | Found a shimmering blue altar of Sif Muna.
  6582 | D:8      | Reached **** piety under Trog
  6588 | D:8      | Noticed Pikel
  6805 | D:8      | Killed Pikel
  6806 | D:8      | Reached skill level 16 in Axes
  6987 | D:8      | Killed from afar by an orc priest

Illustrated notes

Levels and vault maps discovered:
D:1:      dpeg_arrival_tiny_d, layout_basic, serial_shops,
          nicolae_book_shop_shelving, minmay_misc_feat_columns,
          minmay_misc_feat_x, minmay_cut_off
D:2:      layout_basic, basic_altar, serial_shops, nicolae_shop_mannequins
D:3:      layout_basic, ebering_ecumenical_altar_webs, serial_corexii_hall,
          chequers_hall_statues_wall_a, chequers_hall_statues_y,
          corexii_hall_statues_x, minmay_distorted
D:4:      layout_layer_cave, serial_shops, shop
D:5:      layout_basic
D:6:      layout_rooms, minmay_mini_ossuary
D:7:      layout_loops_cross, nicolae_sif_muna_little_library,
          minmay_temple_entry_grid, uniq_maggie
D:8:      layout_cave_pools, lemuel_round_altar, kennysheep_mini,
          gammafunk_ghost_ooze, grunt_ministairs_1, uniq_pikel

Skill      XL: |  1  2  3  4  5  6  7  8  9 |
---------------+----------------------------+-----
Axes           | 4 5 7 8 9 11 14 16 | 16.5
Fighting       | |  3.6
Armour         | |  2.4
Dodging        | |  2.1

Action                     |  1- 3 |  4- 6 |  7- 9 || total
---------------------------+-------+-------+-------++-------
  Melee: Hand axe          |    73 |    76 |    73 ||   222
         Headbutt          |    12 |    14 |    27 ||    53
         Punch             |     1 |       |     2 ||     3
         Battleaxe         |       |       |   104 ||   104
 Invoke: Berserk           |       |     4 |     4 ||     8
    Use: Scroll            |       |       |    11 ||    11
 Armour: Leather armour    |     4 |       |       ||     4
         Animal skin       |     2 |       |       ||     2
         Ring mail         |     9 |    15 |    28 ||    52
         Steam dragon scal |       |       |    24 ||    24
  Dodge: Dodged            |    33 |    31 |    99 ||   163
         Repelled          |       |       |     1 ||     1
  Block: Other             |     2 |    19 |    36 ||    57
         Reflection        |       |     1 |     3 ||     4
